 Seeded DCSS version 0.29.1 (webtiles) character file.

Game seed: 9708579739092153053 (custom seed)

1580 GigaChad the Nimble (level 8, -9/41 HPs)
             Began as a Deep Elf Conjurer on Sept 14, 2022.
             Was an Initiate of Vehumet.
             Engulfed by a steam dragon's steam (14 damage)
             ... on level 7 of the Dungeon.
             The game lasted 00:26:12 (7404 turns).

GigaChad the Nimble (Deep Elf Conjurer)             Turns: 7404, Time: 00:26:13

Health: -9/41      AC:  3    Str:  6    XL:     8   Next: 60%
Magic:  6/21       EV: 16    Int: 28    God:    Vehumet [......]
Gold:   1720       SH:  0    Dex: 17    Spells: 13/21 levels left

rFire   . . .      SeeInvis .   h - +7 mace of the Maze {spect, rPois Will+ Str+2}
rCold   . . .      Faith    .   (no shield)
rNeg    . . .      Spirit   .   o - +1 robe of Dogmatism {rPois Int+2 Dex+4 Slay-2}
rPois   +          Reflect  .   (no helmet)
rElec   .          Harm     .   (no cloak)
rCorr   .          Rampage  .   (no gloves)
Will    +....                   (no boots)
Stlth   ++........              (no amulet)
HPRegen 0.13/turn               (no ring)
MPRegen 0.17/turn               (no ring)

@: no status effects
A: no striking features
a: Renounce Religion


You were on level 7 of the Dungeon.
You worshipped Vehumet.
Vehumet was noncommittal.
You visited 1 branch of the dungeon, and saw 7 of its levels.

You collected 1720 gold pieces.

Inventory:

Hand Weapons
 h - the +7 mace of the Maze (weapon) {spect, rPois Will+ Str+2}
   (You found it on level 2 of the Dungeon)

   When its wielder attacks, the weapon's spirit leaps out and strikes again.
   The spirit shares a part of any damage it takes with its wielder.
   Str:       It affects your strength (+2).
   rPois:     It protects you from poison.
   Will:      It increases your willpower.
Armour
 a - a +0 robe
 o - the +1 robe of Dogmatism (worn) {rPois Int+2 Dex+4 Slay-2}
   (You found it on level 4 of the Dungeon)

   Int:       It affects your intelligence (+2).
   Dex:       It affects your dexterity (+4).
   Slay:      It affects your accuracy & damage with ranged weapons and melee
   (-2).
   rPois:     It protects you from poison.
Wands
 m - a wand of flame (4)
Scrolls
 c - 3 scrolls of blinking {unknown}
 e - a scroll of butterflies
 f - 3 scrolls of identify
 i - 2 scrolls of noise
 l - a scroll of fear
 n - 2 scrolls of immolation {unknown}
 s - 3 scrolls of magic mapping
Potions
 b - a potion of magic
 g - a potion of heal wounds
 j - a potion of brilliance {unknown}
 k - 2 potions of haste
 p - 2 potions of degeneration {unknown}
 q - a potion of resistance {unknown}
 r - a potion of flight {unknown}


   Skills:
 - Level 8.0 Dodging
 - Level 2.4 Stealth
 + Level 7.3 Spellcasting
 + Level 5.6 Conjurations
 - Level 5.0 Hexes
 - Level 5.1 Evocations


You had 13 spell levels left.
You knew the following spells:

 Your Spells              Type           Power      Damage    Failure   Level
a - Magic Dart            Conj           100%       1d8       1%          1
b - Searing Ray           Conj           84%        2d7       1%          2
c - Fulminant Prism       Conj/Hex       20%        3d13      6%          4
d - Necrotise             Necr           40%        1d6       5%          1

Your spell library contained the following spells:

 Spells                   Type           Power      Damage    Failure   Level
 Dazzling Flash           Conj/Hex       80%        N/A       1%          3
 Gell's Gravitas          Tloc           10%        N/A       16%         3
 Lesser Beckoning         Tloc           10%        N/A       16%         3
 Teleport Other           Tloc           10%        N/A       16%         3
 Vampiric Draining        Necr           10%        2d6       16%         3
 Iskenderun's Mystic Bla  Conj/Tloc      26%        2d7       16%         4
 Agony                    Necr           10%        N/A       82%         5


Dungeon Overview and Level Annotations

Branches:
Dungeon (7/15)             Temple (0/1) D:6

Altars:
Vehumet
Yredelemnul

Annotations:
D:5 3 runed translucent doors, QueenGhuleh's ghost, amateur MiBe


Message History

You are too injured to fight recklessly!
You are engulfed in a cloud of scalding steam.
* * * LOW HITPOINT WARNING * * *
Your magical contamination has completely faded away.
Really walk into that cloud of steam? [Y]es or [N]o only, please.
Really walk into that cloud of steam? [Y]es or [N]o only, please.
Really walk into that cloud of steam? [Y]es or [N]o only, please.
Really walk into that cloud of steam?
Okay, then.
Really walk into that cloud of steam? [Y]es or [N]o only, please.
Really walk into that cloud of steam?
Okay, then.
You start resting.
A steam dragon is nearby!
A steam dragon is nearby!
Really walk into that cloud of steam? [Y]es or [N]o only, please.
Really walk into that cloud of steam? [Y]es or [N]o only, please.
Really walk into that cloud of steam?
Okay, then.
A steam dragon is nearby!
A steam dragon is nearby!
A steam dragon is nearby!
Casting: Magic Dart (safe; 1% risk of failure)
Confirm with . or Enter, or press ? or * to list all spells.
Aiming: Searing Ray (safe; 1% risk of failure)
Press: ? - help, Shift-Dir - straight line, f/p - steam dragon
Aim: a steam dragon (heavily wounded, catching its breath, 82% to hit)
The searing ray misses the steam dragon. (Press . to maintain the ray.)
You hit the steam dragon but do no damage.
The steam dragon is heavily wounded.
Your +7 mace of the Maze {spect, rPois Will+ Str+2} barely misses the steam dragon.
You are engulfed in a cloud of scalding steam.
You die...

...# ##.. ....
... ... #.. ..#
#.. .. #.. .#
#####..###(##
........§@D.###.
####...))..§....
#.####..####. #
.)... #)#### .#
.. ###


You could see a steam dragon (catching breath) and a friendly +7 mace of the
Maze {spect, rPois Will+ Str+2} (summoned, wandering).

Vanquished Creatures
  Grinder (D:6)
  Eustachio (D:6)
  A water moccasin (D:6)
  2 black bears (D:6)
  A phantom (D:6)
  A necrophage (D:5)
  3 scorpions
  2 jellies
  2 orc priests
  2 hounds
  4 iguanas
  6 orc wizards
  Robin (D:4)
  9 adders
  An ufetubus (D:5)
  3 worms
  2 dart slugs
  16 orcs
  5 ball pythons
  4 bats
  5 endoplasms
  5 giant cockroaches
  18 goblins
  8 hobgoblins
  8 jackals
  3 quokkas
  2 frilled lizards
  9 kobolds
  A rat (D:1)
126 creatures vanquished.

Vanquished Creatures (others)
  An iguana (D:7)
  An orc (D:7)
  5 fulminant prisms
  72 plants (D:5)
79 creatures vanquished.

Grand Total: 205 creatures vanquished

Notes
Turn   | Place    | Note
-------+----------+-------------------------------------------
     0 | D:1      | GigaChad the Deep Elf Conjurer began the quest for the Orb.
     0 | D:1      | Reached XP level 1. HP: 10/10 MP: 6/6
   382 | D:1      | Reached XP level 2. HP: 15/15 MP: 5/8
   439 | D:1      | Found a faded altar of an unknown god.
   628 | D:1      | Reached skill level 5 in Conjurations
   930 | D:2      | Reached XP level 3. HP: 18/19 MP: 2/10
   984 | D:2      | Identified the +7 mace of the Maze {spect, rPois Will+
                  | Str+2}
  1795 | D:3      | Learned a level 2 spell: Searing Ray
  2071 | D:3      | Reached skill level 5 in Spellcasting
  2071 | D:3      | Reached XP level 4. HP: 3/24 MP: 5/13
  2614 | D:3      | Identified 3 scrolls of acquirement
  2614 | D:3      | Acquired 892 gold pieces
  2639 | D:3      | Acquired a book of Displacement
  2641 | D:3      | Acquired 602 gold pieces
  2704 | D:3      | Learned a level 4 spell: Fulminant Prism
  2706 | D:3      | Learned a level 1 spell: Necrotise
  2946 | D:4      | Reached XP level 5. HP: 15/28 MP: 8/15
  3685 | D:4      | Reached XP level 6. HP: 32/32 MP: 12/17
  3806 | D:4      | Identified the +1 robe of Dogmatism {rPois Int+2 Dex+4
                  | Slay-2}
  4041 | D:4      | Reached skill level 5 in Hexes
  4099 | D:4      | Reached skill level 1 in Evocations
  4157 | D:4      | Noticed Robin
  4161 | D:4      | Killed Robin
  4280 | D:5      | Entered Level 5 of the Dungeon
  4674 | D:5      | Reached XP level 7. HP: 33/36 MP: 13/18
  4789 | D:5      | Reached skill level 5 in Evocations
  4896 | D:5      | Reached skill level 3 in Dodging
  5071 | D:5      | Found a runed translucent gate.
  5072 | D:5      | Found a runed translucent gate.
  5073 | D:5      | Found a runed translucent gate.
  5075 | D:5      | Noticed QueenGhuleh's ghost (amateur MiBe)
  5214 | D:6      | Reached skill level 4 in Dodging
  5453 | D:6      | Found a staircase to the Ecumenical Temple.
  5638 | D:6      | Reached skill level 5 in Dodging
  5771 | D:6      | Reached skill level 6 in Dodging
  5771 | D:6      | Reached XP level 8. HP: 37/41 MP: 14/19
  5789 | D:6      | Found a large runed translucent door.
  5790 | D:6      | Found a large runed translucent door.
  5805 | D:6      | Noticed Grinder
  5810 | D:6      | Paralysed by Grinder for 3 turns
  5835 | D:6      | Killed Grinder
  5836 | D:6      | Reached skill level 8 in Dodging
  5846 | D:6      | Found a basalt altar of Yredelemnul.
  5851 | D:6      | Found a radiant altar of Vehumet.
  5855 | D:6      | Became a worshipper of Vehumet
  6026 | D:6      | Noticed Eustachio
  6041 | D:6      | Killed Eustachio
  7404 | D:7      | Engulfed by a steam dragon's steam

Illustrated notes

Levels and vault maps discovered:
D:1:      matt_arrival_spirals, layout_loops_ring,
          chequers_ecumenical_altar_island, chequers_serial_rivers_room_b,
          minmay_misc_feat_nine_boxes
D:2:      layout_basic, chequers_serial_rivers_small_3
D:3:      layout_loops_ring
D:4:      layout_loops_corners, kennysheep_generic_room_5, uniq_robin
D:5:      kennysheep_kobold_camp, layout_cave_pools,
          gammafunk_ghost_nasty_kobolds, nicolae_fountain_basement
D:6:      minmay_evil_eye, layout_loops_ring, jmf_multi_god_temple2,
          temple_statues, gup_sewer_entry_bubbles, uniq_grinder, uniq_eustachio
D:7:      layout_loops_ring, worms_lemuel, uniq_prince_ribbit1

Skill      XL: |  1  2  3  4  5  6  7  8 |
---------------+-------------------------+-----
Conjurations   | 5 |  5.6
Spellcasting   | 5 6 7 |  7.3
Hexes          | 2 4 5 |  5.0
Evocations     | 4 5 |  5.1
Dodging        | 6 8 |  8.0
Stealth        | |  2.4

Action                   |  1- 3 |  4- 6 |  7- 9 || total
-------------------------+-------+-------+-------++-------
Melee: Mace              |       |    14 |    33 ||    47
       Punch             |       |       |     2 ||     2
 Cast: Magic Dart        |    79 |   100 |   122 ||   301
       Fulminant Prism   |       |     3 |     2 ||     5
       Searing Ray       |       |     1 |     1 ||     2
  Use: Scroll            |       |     7 |     4 ||    11
Armor: Robe              |     2 |     3 |    11 ||    16
Dodge: Dodged            |    15 |    17 |    44 ||    76
